Cogmind - Beta 11 @@@ ROGUE MODE // 2022.04.16 @ 18:28:02 Player: pappous Result: Self-destructed Performance ------------- Evolutions (0) 0 Regions Visited (4) 800 Robots Destroyed (0) 0 Value Destroyed (0) 0 Prototype IDs (0) 0 Alien Tech Used (0) 0 Bonus (0) 0 TOTAL SCORE: 800 Bonus ------- None Cogmind --------- Core Integrity 166/250 Matter 300/300 Energy 125/125 System Corruption 0% Temperature Cool (0) Movement Rolling (110) Ox2 Location -9/Mines Parts ------- > --- POWER (1) -------- Light Ion Engine > --- PROPULSION (2) --- Light Treads Wheel > --- UTILITY (2) ------ Large Storage Unit > --- WEAPON (2) ------- Medium Laser > --- INVENTORY (15) --- Light Ion Engine Compact Wheel Heat Sink Large Storage Unit High-capacity Matter Pod (146) Medium Laser Peak State ------------ > --- POWER ------------ Light Ion Engine > --- PROPULSION ------- Light Treads Wheel > --- UTILITY ---------- Small Storage Unit Large Storage Unit > --- WEAPON ----------- EM Pulse Gun Medium Laser > --- INVENTORY -------- Light Ion Engine Compact Wheel Medium Laser [Rating: 7] Favorites ----------- Power Light Ion Engine Engine Light Ion Engine Propulsion Light Treads Treads Light Treads Wheel Wheel Utility Large Storage Unit Storage Large Storage Unit Weapon Medium Laser Energy Gun Medium Laser Build | -11 -10 -10 -10 -9 ------- Run | Scr Mat Min Exi Min Slots Evolved . | . . . . . Power . | . . . . . Propulsion . | . . . . . Utility . | . . . . . Weapon . | . . . . . Parts Attached 7 | 6 1 . . . Power 1 | 1 . . . . Engine 1 | 1 . . . . Core . | . . . . . Reactor . | . . . . . Propulsion 2 | 2 . . . . Treads 1 | 1 . . . . Leg . | . . . . . Wheel 1 | 1 . . . . Hover . | . . . . . Flight . | . . . . . Utility 2 | 1 1 . . . Device . | . . . . . Storage 2 | 1 1 . . . Processor . | . . . . . Hackware . | . . . . . Protection . | . . . . . Artifact . | . . . . . Weapon 2 | 2 . . . . Energy Gun 2 | 2 . . . . Energy Cannon . | . . . . . Ballistic Gun . | . . . . . Ballistic Cannon . | . . . . . Launcher . | . . . . . Special Weapon . | . . . . . Impact Weapon . | . . . . . Slashing Weapon . | . . . . . Piercing Weapon . | . . . . . Special Melee Weapon . | . . . . . Unidentified Prototypes . | . . . . . Parts Lost 1 | . . . . 1 Power . | . . . . . Propulsion . | . . . . . Utility . | . . . . . Weapon 1 | . . . . 1 Highest Loss Streak 1 | . . . . 1 To Critical Strikes . | . . . . . Average Slot Usage (%) 84 | . 85 85 85 83 Engine 14 | . 14 14 14 14 Treads 14 | . 14 14 14 14 Wheel 14 | . 14 14 14 14 Storage 14 | . 14 14 14 14 Energy Gun 27 | . 28 28 28 26 Naked Turns . | . . . . . Heaviest Build 27 | 12 27 27 27 27 Greatest Support 20 | 20 10 10 10 10 Greatest Overweight (x) 2 | 1 2 2 2 2 Average Overweight (x) 1 | . 1 2 2 2 Largest Inventory Capacity 15 | 8 15 15 15 15 Average Capacity 14 | 7 14 15 15 15 Most Carried 7 | 3 5 5 7 6 Average Carried 5 | 1 4 5 5 6 Final Capacity 15 | 8 15 15 15 15 Final Carried 6 | 3 5 5 6 6 Class Distribution -------------------- 100% | Mutant Dominant Class ---------------- Mutant | -10/Materials Mutant | -10/Mines Mutant | -10/Exiles Mutant | -9/Mines Resources | -11 -10 -10 -10 -9 ----------- Run | Scr Mat Min Exi Min Matter Collected 270 | 211 . . 59 . Remotely . | . . . . . Salvage Created . | . . . . . Parts . | . . . . . Haulers Intercepted . | . . . . . Recyclers Shooed . | . . . . . Parts Field Recycled . | . . . . . Retrieved Matter . | . . . . . Parts Self-Destructed . | . . . . . Prevented . | . . . . . Kills | -11 -10 -10 -10 -9 ------- Run | Scr Mat Min Exi Min Combat Hostiles Destroyed . | . . . . . Classes Destroyed . | . . . . . Best Kill Streak . | . . . . . Combat Bots Only . | . . . . . Max Kills in Single Turn . | . . . . . Gunslinging . | . . . . . Exploded . | . . . . . Melee . | . . . . . Uniques/NPCs Destroyed . | . . . . . Combat | -11 -10 -10 -10 -9 -------- Run | Scr Mat Min Exi Min Damage Taken 324 | . . . . 324 Core 84 | . . . . 84 Absorbed by Shields . | . . . . . Core Remaining (%) 100 | 100 . . . . Volleys Fired 1 | . . . . 1 Largest 2 | . . . . 2 Hottest 90 | . . . . 90 Shots Fired 2 | . . . . 2 Gun 2 | . . . . 2 Cannon . | . . . . . Launcher . | . . . . . Special . | . . . . . Kinetic . | . . . . . Thermal 1 | . . . . 1 Explosive . | . . . . . Electromagnetic 1 | . . . . 1 Robot Hit Streak . | . . . . . Robot Miss Streak . | . . . . . Penetration Max . | . . . . . Secondary Targets . | . . . . . Shots Hit Robots . | . . . . . Core Hits . | . . . . . Critical Kills . | . . . . . Critical Parts Destroyed . | . . . . . Critical Strikes . | . . . . . Melee Attacks . | . . . . . Impact . | . . . . . Slashing . | . . . . . Piercing . | . . . . . Sneak Attacks . | . . . . . Combat Hostiles . | . . . . . Follow-up Attacks . | . . . . . Damage Inflicted . | . . . . . Guns . | . . . . . Cannons . | . . . . . Explosions . | . . . . . Melee . | . . . . . Ramming . | . . . . . Kinetic . | . . . . . Thermal . | . . . . . Explosive . | . . . . . Electromagnetic . | . . . . . Impact . | . . . . . Slashing . | . . . . . Piercing . | . . . . . Highest Corruption . | . . . . . Average Corruption . | . . . . . Corruption Purged . | . . . . . Corruption Blocked . | . . . . . Overload Shots . | . . . . . Overflow Damage . | . . . . . Projectiles . | . . . . . Explosions . | . . . . . Melee . | . . . . . Knockbacks . | . . . . . Impact . | . . . . . Kinetic . | . . . . . Secondary . | . . . . . Self-Inflicted Damage . | . . . . . Shots . | . . . . . Rammed . | . . . . . Targets Rammed . | . . . . . Kicked . | . . . . . Crushed . | . . . . . Highest Temperature 30 | . . . . 30 Average Temperature 17 | . . . . 17 Received Heat Transfer . | . . . . . Siege Activations . | . . . . . Robots Corrupted . | . . . . . Combat Hostiles . | . . . . . Parts Fried . | . . . . . Impact Corruptions . | . . . . . Robots Melted . | . . . . . Combat Hostiles . | . . . . . Parts Melted . | . . . . . Heat Transferred . | . . . . . Parts Sabotaged . | . . . . . Parts Stolen . | . . . . . Parts Stripped . | . . . . . Power Chain Reactions . | . . . . . Missiles Intercepted . | . . . . . Alert | -11 -10 -10 -10 -9 ------- Run | Scr Mat Min Exi Min Peak Influence . | . . . . . Initial . | . . . . . Average . | . . . . . Maximum Alert Level . | . . . . . Low Security (%) 100 | 100 100 100 . 100 Level 1 . | . . . . . Level 2 . | . . . . . Level 3 . | . . . . . Level 4 . | . . . . . Level 5 . | . . . . . High Security . | . . . . . Max Security . | . . . . . Squads Dispatched . | . . . . . Investigation . | . . . . . Extermination . | . . . . . Reinforcement . | . . . . . Assault . | . . . . . Garrison . | . . . . . Intercept . | . . . . . Searches Triggered . | . . . . . Construction Impeded . | . . . . . Haulers Reinforced . | . . . . . Active Scanning Responses . | . . . . . Cargo Convoy Interrupts . | . . . . . Stealth | -11 -10 -10 -10 -9 --------- Run | Scr Mat Min Exi Min Distress Signals . | . . . . . Communications Jammed . | . . . . . Distress Signals . | . . . . . Times Spotted 4 | . . . . 4 Peak Tracking Total 3 | . . . . 3 Tactical Retreats 1 | . . . . 1 Traps | -11 -10 -10 -10 -9 ------- Run | Scr Mat Min Exi Min Traps Triggered . | . . . . . Indirectly . | . . . . . Trap Hack Attempts . | . . . . . Triggered . | . . . . . Disarmed . | . . . . . Reprogrammed . | . . . . . Reused . | . . . . . Traps Extracted . | . . . . . Installed . | . . . . . Triggered . | . . . . . Machines | -11 -10 -10 -10 -9 ---------- Run | Scr Mat Min Exi Min Machines Disabled . | . . . . . Max in Single Turn . | . . . . . Machines Sabotaged . | . . . . . Garrisons Compromised . | . . . . . Overloaded Fab Kills . | . . . . . Hacking | -11 -10 -10 -10 -9 --------- Run | Scr Mat Min Exi Min Machines Accessed . | . . . . . Terminals . | . . . . . Fabricators . | . . . . . Repair Stations . | . . . . . Recycling Units . | . . . . . Scanalyzers . | . . . . . Garrison Access . | . . . . . Total Hacks . | . . . . . Successful . | . . . . . Failed . | . . . . . Catastrophic . | . . . . . Database Lockouts . | . . . . . Manual . | . . . . . Terminals . | . . . . . Fabricators . | . . . . . Repair Stations . | . . . . . Recycling Units . | . . . . . Scanalyzers . | . . . . . Garrison Access . | . . . . . Terminal Hacks . | . . . . . Fabricator Hacks . | . . . . . Repair Station Hacks . | . . . . . Recycling Unit Hacks . | . . . . . Scanalyzer . | . . . . . Garrison Access Hacks . | . . . . . Unauthorized Hacks . | . . . . . Terminals . | . . . . . Fabricators . | . . . . . Repair Stations . | . . . . . Recycling Units . | . . . . . Scanalyzers . | . . . . . Garrison Access . | . . . . . Data Cores Recovered . | . . . . . Used . | . . . . . Hacking Detections . | . . . . . Full Trace Events . | . . . . . Feedback Events . | . . . . . Feedback Blocked . | . . . . . Robot Schematics Acquired . | . . . . . Robots Built . | . . . . . Authchips . | . . . . . Time . | . . . . . Total Robot Build Rating . | . . . . . Part Schematics Acquired . | . . . . . Parts Built . | . . . . . Authchips . | . . . . . Time . | . . . . . Total Part Build Rating . | . . . . . Parts Repaired . | . . . . . Time . | . . . . . Parts Recycled . | . . . . . Recycled Matter . | . . . . . Retrieved Matter . | . . . . . Retrieved Components . | . . . . . Parts Scanalyzed . | . . . . . Part Schematics Acquired . | . . . . . Parts Damaged . | . . . . . Bothacking | -11 -10 -10 -10 -9 ------------ Run | Scr Mat Min Exi Min Used RIF Installer . | . . . . . Robots Hacked . | . . . . . Non-combat . | . . . . . Combat . | . . . . . Robot Hacks Applied . | . . . . . Relay Couplers Released . | . . . . . Fabnet Peak Effective % . | . . . . . Robots Rewired . | . . . . . Allies Hacked . | . . . . . Hacks Repelled . | . . . . . Allies | -11 -10 -10 -10 -9 -------- Run | Scr Mat Min Exi Min Total Allies . | . . . . . Largest Group . | . . . . . Highest-Rated Group . | . . . . . Highest-Rated Ally . | . . . . . Total Orders . | . . . . . Ally Attacks . | . . . . . Total Damage . | . . . . . Kills . | . . . . . Allies Corrupted . | . . . . . Allies Melted . | . . . . . Intel | -11 -10 -10 -10 -9 ------- Run | Scr Mat Min Exi Min Robot Analysis Total . | . . . . . Derelict Logs Recovered . | . . . . . Drone Launches . | . . . . . Drone Recoveries . | . . . . . Exploration | -11 -10 -10 -10 -9 ------------- Run | Scr Mat Min Exi Min Turns Passed 997 | 79 123 15 570 210 Spaces Moved 884 | 77 103 11 513 180 Core 10 | 10 . . . . Treads 1 | 1 . . . . Legs . | . . . . . Wheels 873 | 66 103 11 513 180 Hover . | . . . . . Flight . | . . . . . Fastest Speed 50 | 50 95 110 110 110 Average Speed 107 | 87 109 110 110 110 Slowest Speed 160 | 160 110 110 110 110 Overloaded Moves . | . . . . . Propulsion Burnouts . | . . . . . Robots Hopped . | . . . . . Cave-ins Triggered . | . . . . . Exploration Rate (%) 36 | 3 28 6 77 69 Regions Visited 4 Branch Regions 3 Pre-discovered Areas . | . . . . . Known Exits Taken . | . . . . . Unknown Exits Taken 4 | 1 1 1 1 . Scrap Searched . | . . . . . Spaces Dug . | . . . . . Terrain Destroyed . | . . . . . Melee . | . . . . . Projectile . | . . . . . AOE . | . . . . . Terrain Rammed . | . . . . . Walls Destroyed . | . . . . . Machines Disabled . | . . . . . Actions | -11 -10 -10 -10 -9 --------- Run | Scr Mat Min Exi Min Total 922 | 85 113 14 520 190 Wait 21 | . 7 4 1 9 Move 880 | 76 102 10 512 180 Hop . | . . . . . Pick Up 9 | 3 2 . 4 . Fast Attach 7 | 6 1 . . . Attach . | . . . . . Detach . | . . . . . Swap . | . . . . . Drop 4 | . 1 . 3 . Fire 1 | . . . . 1 Melee . | . . . . . Ram . | . . . . . Kick . | . . . . . Crush . | . . . . . Escape Stasis . | . . . . . Rewire . | . . . . . Trap . | . . . . . Miscellaneous . | . . . . . Route ------- -11/Scrapyard -10/Materials -10/Mines -10/Exiles (discovered 2 exits: [*Min x2]) -9/Mines History --------- Turn | Location | Event 6 | -11/Scrapyard | Discovered new exit (range 14) 80 | -11/Scrapyard | Entered Materials 187 | -10/Materials | Discovered new exit (range 7) 196 | -10/Materials | Met 8R-AWN 203 | -10/Materials | Entered Mines 204 | -10/Mines | Followed 8R-AWN into the Mines 210 | -10/Mines | Met a Derelict bent on vengeance 213 | -10/Mines | Discovered new exit (range 5) 218 | -10/Mines | Entered Exiles 286 | -10/Exiles | Welcomed by 8R-AWN 304 | -10/Exiles | Met EX-HEX 311 | -10/Exiles | Build established: Mutant 345 | -10/Exiles | Met EX-DEC 410 | -10/Exiles | Discovered new exit (range 14) 505 | -10/Exiles | Visited The Gauntlet 734 | -10/Exiles | Learned about 8R-AWN's background 758 | -10/Exiles | Discovered new exit (range 14) 788 | -10/Exiles | Entered Mines 862 | -9/Mines | Assembled infested the area 998 | -9/Mines | Self-destructed Last Messages --------------- Of course we were ambushed, it's the Proxy Caves. And of course I get hit first. At least they fought a running battle and the action moved away from where I was downed. But I'd be a goner today if it wasn't for the Exiles sending someone back for me later, once they'd reached this place in the Sub Caves. They put me back together even better than before, and now I run errands and keep an eye on the place. Warlord offered us a place to stay in one of his bases, but the Exiles preferred to stick to their own, not wanting to become some "cog in a war machine." I'm on board with that. 00758_ EXIT=FOUND LOCATION=UNKNOWN GOAL=ESCAPE 00789_ K-01 Serf collects debris. 00862_ ALERT: Infestation in the mines, dispatching Demolisher response squad. 00889_ K-01 Serf collects debris. 00976_ EM Pulse Gun destroyed. Map ----- +----------------------------------------------------+ | | | | | | | | | | | | | | | | | | | | | | | | | | | ?????????????????????????????????????? | | ?????????????????????????????????????? | | ?????????????????????????????????????? | | ???????####??????????????????????????? | | ??###### ##?????????????????????????? | | ?## ## #?????#####???####????????? | | ?# ####### #### ##???????? | | ?# ## a a ## ###?????? | | ?# """ ##????? | | ??# ## """ #????? | | ?## #### """ #????? | | ## #??## a #????? | | # ##??## ### @ #????? | | #???## ##?## #????? | | #???####???## #????? | | ## #???????????# #????? | | ##########???????????## #????? | | ##?????????????????????### ##????? | | ##?????????????????????????#####?????? | | ?????????????????????????????????????? | | ?????????????????????????????????????? | | ?????????????????????????????????????? | | ?????????????????????????????????????? | | ?????????????????????????????????????? | | ?????????????????????????????????????? | | ?????????????????????????????????????? | | ?????????????????????????????????????? | | ?????????????????????????????????????? | | ###??#####???????????????????????????? | | #### ##??????????????????????????? | | ## #??????????????????????????? | | #??????????????????????????? | | ######?????????????????????? | | [ ###???????????????????? | | ##??????????????????? | | = ### ##?????????????????? | | #?## #?????????????????? | +----------------------------------------------------+ Best States ------------- Heat Dissipation 25 Energy Generation 10 Energy Capacity 125 Matter Stores 300 Matter Capacity 300 Sight Range 16 Terrain Scan Density 10 Evasion (%) 44 Recoil Reduction 1 Item Schematics ----------------- None Robot Schematics ------------------ None Fabricated ------------ Nothing Alien Tech Used ----------------- None Achievements -------------- None Challenges ------------ None Game ------ Seed ResetIonJammer Manual? 0 Play Time 00:08:31 Cumulative 72.5 hours Start 2022.04.16 @ 18:12:01 End 2022.04.16 @ 18:28:02 Sessions 1 Manual Loads 0 Difficulty Rogue Special Mode None Game No. 97 Rogue 97 Adventurer 0 Explorer 0 Win Type - Total 1 Types 1/0/0/0/0/0/0/0/0 Lore% 50 Gallery% 50 Achievement% 42 Wizard Run 0 Options --------- ASCII 0 Keyboard 0 Movement Mouse Keybinds 0 Fullscreen 1 Font 14/SmallcapsLarge Map View 72x54 Tactical HUD 1 Map Filters NONE Filters NONE Steam 1 RUN: f0e0b110-4cf4-4569-bc9f-9bf18a2db9a5